Map: Aire du défenseur EC

Players

zidar - Winner!

  • Race: Zerg Zerg
  • League: Gold
  • Spawn Location: 7:00

RaynorHier

  • Race: Protoss Protoss
  • League: Gold
  • Spawn Location: 1:00

VOD

Have the link to the VOD?

Description

Time

  • Played on: July 4, 2017, 11:49 a.m.
  • Length: 11:18
Show
View Real Time Build Order
Export as new Build Order

zidar Zerg - Winner!

Build Orders: Pool First 

Get SALT Encoding   

  12  0:02  Drone  
  13  0:13  Overlord  
  13  0:16  Drone  
  14  0:31  Drone x2  
  16  0:44  Spawning Pool  
  16  0:46  Drone  
  16  1:14  Drone  
  16  1:15  Hatchery  
  16  1:17  Extractor  
  15  1:19  Drone  
  16  1:31  Queen  
  18  1:48  Drone  
  18  1:51  Drone  
  20  1:56  Drone  
  21  2:01  Drone  
  22  2:15  Overlord  
  22  2:19  Metabolic Boost  
  22  2:26  Queen, Drone  
  25  2:35  Queen  
  27  2:39  Overlord  
  27  2:40  Drone  
  27  2:43  Drone  
  29  3:04  Roach Warren  
  28  3:06  Drone x2  
  28  3:07  Drone x3  
  33  3:13  Extractor  
  32  3:26  Drone x6  
  38  3:30  Overlord  
  38  3:49  Zergling x4  
  38  3:50  Zergling x2  
  41  3:56  Drone x6  
  47  4:16  Hatchery  
  46  4:18  Zergling x12  
  41  4:45  Roach x2  
  40  4:46  Roach x5  
  50  4:57  Roach  
  52  5:49  Hatchery  
  51  5:51  Overlord  
  51  5:52  Overlord x2  
  51  5:56  Ravager  
  52  6:09  Queen  
  54  6:19  Roach x3  
  54  6:20  Roach x2  
  64  6:26  Ravager  
  64  6:27  Ravager  
  64  6:28  Ravager  
  64  6:30  Zergling x2  
  64  6:31  Zergling x2  
  69  6:34  Queen  
  71  6:46  Roach x2  
  75  6:50  Overlord  
  75  7:02  Roach  
  75  7:03  Roach x2  
  81  7:16  Overlord  
  81  7:17  Overlord x2  
  81  7:20  Roach x3  
  61  8:00  Roach  
  61  8:01  Roach x14  
  61  8:03  Ravager  
  92  8:07  Ravager  
  93  8:21  Roach x5  
  93  8:24  Ravager x3  
  106  8:27  Zergling x4  
  106  8:28  Zergling x2  
  109  8:36  Ravager  
  109  8:40  Zergling x8  
  114  8:44  Overlord x2  
  114  8:52  Overlord x2  
  104  9:14  Zergling x6  
  104  9:15  Zergling x12  
  113  9:18  Ravager x3  
  113  9:24  Ravager  
  117  9:26  Overlord x3  
  117  9:27  Overlord  
  82  10:07  Roach x10  
  96  10:16  Drone x4  
  100  10:38  Ravager  
  100  10:40  Ravager  
  102  10:44  Zergling x2  
  102  10:45  Zergling x12  
Show
View Real Time Build Order
Export as new Build Order

RaynorHier Protoss 

Build Orders: Zealot Archon 

Get SALT Encoding   

  12  0:03  Probe (Chrono Boost)  
  13  0:34  Pylon  
  13  0:35  Pylon  
  13  0:42  Probe (Chrono Boost), Assimilator  
  14  0:47  Assimilator  
  14  0:57  Gateway  
  14  1:01  Probe (Chrono Boost)  
  15  1:12  Probe (Chrono Boost)  
  16  1:22  Probe (Chrono Boost)  
  17  1:39  Pylon  
  17  1:42  Probe (Chrono Boost)  
  17  1:46  Cybernetics Core  
  18  1:51  Gateway  
  18  1:52  Probe (Chrono Boost)  
  19  2:02  Zealot (Chrono Boost)  
  19  2:03  Probe (Chrono Boost)  
  22  2:14  Forge  
  22  2:17  Probe (Chrono Boost)  
  23  2:29  Mothership Core (Chrono Boost)  
  25  2:39  Zealot x2 (Chrono Boost)  
  29  2:44  Warp Gate (Chrono Boost)  
  29  2:49  Protoss Ground Weapons Level 1  
  29  3:10  Zealot (Chrono Boost)  
  29  3:12  Zealot (Chrono Boost)  
  33  3:24  Pylon  
  33  3:44  Zealot (Chrono Boost)  
  33  3:46  Zealot (Chrono Boost)  
  37  3:50  Twilight Council  
  37  4:07  Zealot (Chrono Boost)  
  41  4:13  Zealot (Chrono Boost)  
  41  4:33  Zealot (Chrono Boost)  
  45  4:40  Zealot (Chrono Boost)  
  45  4:42  Probe  
  45  4:44  Protoss Ground Armor Level 1 (Chrono Boost)  
  46  4:54  Probe  
  46  4:58  Charge (Chrono Boost)  
  47  5:23  Zealot  
  47  5:30  Gateway  
  47  5:31  Gateway  
  47  5:33  Gateway  
  47  5:44  Nexus  
  47  5:53  Templar Archives  
  47  6:30  Pylon  
  47  6:32  Pylon  
  47  6:35  Assimilator  
  47  6:48  Probe  
  47  6:51  High Templar x3  
  47  6:52  High Templar  
  56  6:56  Archon  
  56  6:57  Archon  
  56  7:00  Probe  
  57  7:08  Protoss Ground Weapons Level 2 (Chrono Boost)  
  57  7:11  Zealot  
  57  7:12  Probe  
  60  7:18  Probe  
  61  7:24  Pylon  
  61  7:25  Probe  
  61  7:29  Probe, Photon Cannon  
  62  7:33  Photon Cannon  
  62  7:37  Probe  
  57  7:43  Zealot  
  57  7:44  Zealot  
  40  7:58  Pylon  
  40  8:02  Pylon  
  40  8:06  Sentry  
  40  8:11  Probe  
  43  8:13  Probe  
  44  8:25  High Templar  
  44  8:26  High Templar  
  48  8:30  Archon  
  48  8:42  Zealot x2  
  48  8:47  Zealot  
  34  9:13  High Templar x2  
  34  9:14  High Templar x2  
  34  9:16  Zealot  
  44  9:19  Archon  
  44  9:20  Archon  
  44  9:26  Probe  
  44  9:27  Probe  
  46  9:38  Probe (Chrono Boost)  
  46  9:40  Probe (Chrono Boost)  
  48  9:51  Probe (Chrono Boost)  
  45  10:05  Zealot  
  45  10:06  Zealot x3  
  47  10:18  Robotics Facility  
  47  10:22  Sentry  
  49  10:29  Sentry  
  49  10:30  Sentry  
  35  11:00  Zealot x3  
  35  11:01  Zealot x2  
Tags
 
Add a new tag
Caveats
  • Supply blocks, unpowered buildings, or Contaminate may cause inaccurate times.
  • Supply counts are checked every 10 seconds.